 Dungeon Crawl Stone Soup version 0.27-a0-1191-g601b473118 (webtiles) character file.

Game seed: 14206423397738337956

6125 lunkers the Fighter (level 10, 0/59 HPs)
             Began as a Vine Stalker Fighter on May 24, 2021.
             Was a Follower of Ru.
             Slain by a hornet (2 damage)
             ... on level 8 of the Dungeon on May 25, 2021.
             The game lasted 00:19:16 (7414 turns).

lunkers the Fighter (Vine Stalker Fighter)          Turns: 7414, Time: 00:19:18

Health: 0/59       AC: 10    Str: 27    XL:     10   Next: 89%
Magic:  0/11       EV:  8    Int:  8    God:    Ru [*.....]
Gold:   1469       SH: 13    Dex: 20    Spells: 9/9 levels left

rFire    + + .     SeeInvis +   I - +9 rapier "Killer Klown's Foe" {flame, rPois Dex+5 SInv}
rCold    + . .     Faith    .   c - +0 kite shield
rNeg     + . .     Spirit   +   g - +3 scale mail of Iniewaeh {rC+ SInv}
rPois    +         Reflect  .   (no helmet)
rElec    +         Harm     .   l - +0 cloak
rCorr    .         Rampage  .   (no gloves)
Will     +....                  (no boots)
Stlth    ..........             i - amulet of regeneration
HPRegen  2.19/turn              f - ring of Cexeutuy {rElec rPois rF++ rN+ Str+6 Stlth-}
MPRegen  0.12/turn              (no ring)

@: about to teleport, slowed, very slow
A: fangs 3, regeneration 1, magic shield, antimagic bite, no potion heal 2, no
air magic, no hexes magic, no summoning magic
a: Renounce Religion


You were on level 8 of the Dungeon.
You worshipped Ru.
Ru was aware of your devotion.
You visited 2 branches of the dungeon, and saw 9 of its levels.
You also visited: Bailey.

You collected 1469 gold pieces.

Inventory:

Hand Weapons
 p - a +2 dagger of protection
 I - the +9 rapier "Killer Klown's Foe" (weapon) {flame, rPois Dex+5 SInv}
   (You found it in a bailey)

   It has been specially enchanted to burn those struck by it, causing extra
   injury to most foes and up to half again as much damage against particularly
   susceptible opponents.
   It affects your dexterity (+5).
   It protects you from poison.
   It lets you see invisible.
Missiles
 a - 3 silver javelins
 b - 2 javelins
 h - 199 stones (quivered)
 B - 23 poisoned darts
 H - 43 boomerangs
Armour
 c - a +0 kite shield (worn)
 g - the +3 scale mail of Iniewaeh (worn) {rC+ SInv}
   (You found it on level 8 of the Dungeon)

   It protects you from cold.
   It lets you see invisible.
 l - a +0 cloak (worn)
 v - a +0 pair of boots
 E - a +1 plate armour of cold resistance
 F - the +3 ring mail of Okawaru {Str+4}
   (You took it off a kobold on level 7 of the Dungeon)

   It affects your strength (+4).
Jewellery
 f - the ring of Cexeutuy (left hand) {rElec rPois rF++ rN+ Str+6 Stlth-}
   (You acquired it on level 7 of the Dungeon)

   [ring of strength]

   It affects your strength (+6).
   It greatly protects you from fire.
   It insulates you from electricity.
   It protects you from poison.
   It protects you from negative energy.
   It makes you less stealthy.
 i - an amulet of regeneration (around neck)
 x - a ring of ice
Wands
 q - a wand of flame (48)
 D - a wand of polymorph (11)
Scrolls
 j - 2 scrolls of blinking {unknown}
 m - 2 scrolls of teleportation
 r - a scroll of magic mapping {unknown}
 s - 3 scrolls of fear {unknown}
 w - a scroll of enchant weapon {unknown}
 y - a scroll of enchant armour {unknown}
 z - a scroll of noise {unknown}
Potions
 d - a potion of invisibility {unknown}
 e - 7 potions of curing
 k - 3 potions of lignification
 n - 3 potions of mutation
 o - a potion of degeneration {unknown}
 t - a potion of cancellation {unknown}
 u - a potion of haste {unknown}
 A - a potion of heal wounds {unknown}
 C - a potion of might
 G - a potion of flight


   Skills:
 + Level 9.9 Fighting
 - Level 8.0 Short Blades
 - Level 2.4 Armour
 + Level 8.8 Shields


You had 9 spell levels left.
You didn't know any spells.
Your spell library contained the following spells:

 Spells                   Type           Power      Damage    Failure   Level
 Animate Skeleton         Necr           0%         N/A       91%         1
 Magic Dart               Conj           0%         1d3       91%         1
 Pain                     Necr           0%         1d4       91%         1
 Blink                    Tloc           N/A        N/A       97%         2
 Conjure Flame            Conj/Fire      0%         6-21      100%        3
 Stone Arrow              Conj/Erth      0%         3d7       100%        3
 Vampiric Draining        Necr           0%         2d6       100%        3
 Animate Dead             Necr           0%         N/A       100%        4
 Agony                    Necr           0%         N/A       100%        5
 Hydra Form               Tmut           0%         N/A       100%        5
 Eringya's Noxious Bog    Tmut/Pois      0%         N/A       100%        6
 Call Imp                 Summ           Unusable   N/A       N/A         2
 Corpse Rot               Necr/Air       Unusable   N/A       N/A         2
 Slow                     Hex            Unusable   N/A       N/A         2
 Mephitic Cloud           Conj/Pois/Air  Unusable   N/A       N/A         3
 Summon Forest            Summ/Tloc      Unusable   N/A       N/A         5
 Summon Hydra             Summ           Unusable   N/A       N/A         7

Dungeon Overview and Level Annotations

Branches:
Dungeon (8/15)             Temple (1/1) D:4          Bailey (visited)
   Lair: D:8-11

Altars:
Ashenzari
Cheibriados
Elyvilon
Fedhas
Makhleb
Nemelex Xobeh
Qazlal
Ru
Trog
Vehumet
Wu Jian
Xom
Yredelemnul
Zin

Shops:
D:7 (*[

Annotations:
D:7 3 runed translucent doors, Belboz's ghost, novice MiMo


Innate Abilities, Weirdness & Mutations

You have razor-sharp teeth.
Your natural rate of healing is unusually fast.
When hurt, damage is shared between your health and your magic reserves.
Your bite disrupts and absorbs the magic of your enemies.
Potions cannot restore your health.
You cannot study or cast Air magic.
You cannot study or cast Hexes magic.
You cannot study or cast Summoning magic.


Message History

The hornet stings you!
* * * LOW HITPOINT WARNING * * *
You barely miss the hornet. You bite the hornet! You drain its power.
You feel invigorated.
The hornet is moderately wounded.
The hornet stings you but does no damage.
The gnoll hits you with a +1 halberd of flaming!
* * * LOW HITPOINT WARNING * * *
You barely miss the hornet.
The hornet is moderately wounded.
You block the hornet's attack.
The gnoll hits you with a +1 halberd of flaming!
* * * LOW HITPOINT WARNING * * *
The gnoll burns you. You block the hornet's attack.
Unknown command.
You puncture the hornet! You burn the hornet. Your bite misses the hornet.
The hornet is heavily wounded.
The hornet stings you!
* * * LOW HITPOINT WARNING * * *
You block the gnoll's attack.
Unknown command.
You hit the hornet but do no damage. You bite the hornet, but do no damage.
The hornet is heavily wounded.
The hornet stings you!
* * * LOW MAGIC WARNING * * *
* * * LOW HITPOINT WARNING * * *
You feel yourself slow down. You block the gnoll's attack.
The hornet stings you.
* * * LOW MAGIC WARNING * * *
* * * LOW HITPOINT WARNING * * *
You feel as though you will be slow longer.
Unknown command.
Unknown command.
As you read the scroll of teleportation, it crumbles to dust.
You feel strangely unstable. You block the hornet's attack.
The gnoll hits you with a +1 halberd of flaming.
* * * LOW HITPOINT WARNING * * *
The hornet stings you.
* * * LOW MAGIC WARNING * * *
You die...

.. .. # #. .# . #. #.#
.#######. #.
#.####.......### #.
####...............######
........gy.............##
.?.....@## .......[.[
...#.....# .#######..
#...(.# #.. #.....# #..
####### #.. #.. ###


You could see a hornet and a gnoll.

Vanquished Creatures
  A two-headed ogre (D:8)
  Pikel (D:6)
  A deep elf pyromancer (D:8)
  Grinder (D:3)
  Sigmund (D:5)
  A tarantella (Bailey)
  2 steam dragons (D:8)
  An acid dragon (D:8)
  4 water moccasins
  6 orc warriors
  4 sky beasts
  An ice beast (D:7)
  2 necrophages
  4 centaurs
  3 ogres
  A lemure (D:6)
  2 phantoms
  A kobold brigand (D:7)
  A gnoll sergeant (D:8)
  3 bullfrogs
  Blork the orc (D:5)
  A water moccasin zombie (D:6)
  2 water moccasin skeletons (D:4)
  3 howler monkeys (D:8)
  A centaur zombie (D:8)
  An orc priest (D:7)
  A hound (D:7)
  A jelly (D:6)
  A bullfrog skeleton (D:5)
  A centaur skeleton (D:7)
  A gnoll shaman (D:6)
  3 iguanas
  5 orc wizards
  A killer bee zombie (D:6)
  Robin (D:2)
  14 gnolls
  A howler monkey skeleton (D:7)
  6 adders
  A shadow imp (D:5)
  2 white imps (D:5)
  3 adder skeletons
  2 dart slugs
  2 worms
  22 orcs
  10 ball pythons
  5 endoplasms
  3 giant cockroaches
  20 goblins
  13 hobgoblins
  4 jackals
  22 kobolds
  2 quokkas (D:2)
  6 bats
  5 frilled lizards
  2 rats (D:1)
210 creatures vanquished.

Vanquished Creatures (others)
  An orc (D:7)
  A kobold (D:8)
2 creatures vanquished.

Grand Total: 212 creatures vanquished

Notes
Turn   | Place    | Note
-------+----------+-------------------------------------------
     0 | D:1      | lunkers the Vine Stalker Fighter began the quest for the
                  | Orb.
     0 | D:1      | Reached XP level 1. HP: 11/11 MP: 2/2
   351 | D:1      | Reached XP level 2. HP: 16/16 MP: 1/3
   814 | D:1      | Reached skill level 3 in Fighting
  1422 | D:2      | Reached XP level 3. HP: 20/20 MP: 4/4
  1886 | D:2      | Noticed Robin
  1932 | D:2      | Killed Robin
  1933 | D:2      | Gained mutation: Your natural rate of healing is unusually
                  | fast. [Vine Stalker growth]
  1933 | D:2      | Reached XP level 4. HP: 9/24 MP: 2/5
  2365 | D:3      | Reached XP level 5. HP: 26/28 MP: 4/6
  2564 | D:3      | Noticed Grinder
  2564 | D:3      | Paralysed by Grinder for 5 turns
  2579 | D:3      | Killed Grinder
  2580 | D:3      | Reached skill level 4 in Fighting
  2580 | D:3      | Reached skill level 5 in Short Blades
  2580 | D:3      | Reached XP level 6. HP: 29/33 MP: 7/7
  2598 | D:3      | Found a burning altar of Makhleb.
  2639 | D:3      | Found a glowing silver altar of Zin.
  2645 | D:3      | Noticed an angel
  2647 | D:3      | Noticed a balrug
  3155 | D:4      | Found a staircase to the Ecumenical Temple.
  3189 | D:4      | Reached XP level 7. HP: 38/38 MP: 8/8
  3214 | Temple   | Entered the Ecumenical Temple
  3465 | Temple   | Became a worshipper of Ru the Awakened
  3716 | D:4      | Reached skill level 5 in Fighting
  3857 | D:4      | Found a snail-covered altar of Cheibriados.
  4163 | D:5      | Entered Level 5 of the Dungeon
  4223 | D:5      | Gained mutation: You have razor-sharp teeth. [Vine Stalker
                  | growth]
  4223 | D:5      | Reached XP level 8. HP: 31/43 MP: 9/9
  4375 | D:5      | Noticed Blork the orc
  4388 | D:5      | Killed Blork the orc
  4753 | D:5      | Noticed Sigmund
  4772 | D:5      | Killed Sigmund
  4780 | D:5      | Gained mutation: You cannot study or cast Air magic. [Ru
                  | sacrifice]
  4780 | D:5      | Gained mutation: You cannot study or cast Hexes magic. [Ru
                  | sacrifice]
  4780 | D:5      | Gained mutation: You cannot study or cast Summoning magic.
                  | [Ru sacrifice]
  4780 | D:5      | Reached * piety under Ru
  4969 | D:6      | Reached skill level 6 in Fighting
  5033 | D:6      | Noticed Pikel
  5060 | D:6      | Reached XP level 9. HP: 48/48 MP: 10/10
  5091 | D:6      | Killed Pikel
  5092 | D:6      | Reached skill level 7 in Fighting
  5092 | D:6      | Reached skill level 5 in Shields
  5850 | D:7      | Found Apsiud's Antique Armour Boutique.
  5851 | D:7      | Found Suiraopn's General Store.
  5921 | D:7      | Noticed Belboz's ghost (novice MiMo)
  5956 | D:7      | Found a runed translucent gate.
  5956 | D:7      | Found a runed translucent gate.
  5956 | D:7      | Found a runed translucent gate.
  6017 | D:7      | Found a flagged portal.
  6050 | D:7      | Identified the +3 ring mail of Okawaru {Str+4}
  6060 | D:7      | Reached skill level 8 in Fighting
  6092 | Bailey   | Entered a bailey
  6143 | Bailey   | Noticed an orc knight
  6164 | Bailey   | an orc knight changed into a tarantella
  6267 | Bailey   | Identified the +9 rapier "Killer Klown's Foe" {flame, rPois
                  | Dex+5 SInv}
  6294 | Bailey   | Reached XP level 10. HP: 56/56 MP: 11/11
  6623 | D:7      | Found a bloodstained altar of Trog.
  6627 | D:7      | Found Woiwesikh's Weapon Shoppe.
  6798 | D:7      | Identified 2 scrolls of acquirement
  6798 | D:7      | Acquired 832 gold pieces
  6802 | D:7      | Acquired the ring of Cexeutuy {rElec rPois rF++ rN+ Str+6
                  | Stlth-}
  7036 | D:8      | Identified the +3 scale mail of Iniewaeh {rC+ SInv}
  7079 | D:8      | Reached skill level 9 in Fighting
  7341 | D:8      | Noticed a two-headed ogre
  7357 | D:8      | Killed a two-headed ogre
  7398 | D:8      | Noticed a deep elf pyromancer
  7407 | D:8      | Killed a deep elf pyromancer
  7414 | D:8      | HP: 2/59 [gnoll/+1 halberd of flaming (6)]
  7414 | D:8      | Slain by a hornet

Illustrated notes

Levels and vault maps discovered:
D:1:      matt_arrival_grand_opening, layout_basic
D:2:      layout_loops_ring, uniq_robin
D:3:      kennysheep_the_goblin_king, layout_loops_ring,
          grunt_temple_overflow_order_and_chaos_2, uniq_grinder
D:4:      layout_basic, lemuel_doored_altar, minmay_temple_entry_stoned_glass,
          serial_park_tiny_pond
D:5:      layout_loops_cross, uniq_sigmund, uniq_blork_the_orc
D:6:      layout_basic, grunt_decor_cap, uniq_pikel
D:7:      layout_basic, nicolae_overflow_crystal_walls, gammafunk_ghost_icy,
          enter_bailey_6, serial_shops, shop_coins, shop, shop
D:8:      minmay_ornate_pinched, layout_gridville
Temple:   dpeg_chambers_temple

Skill      XL: |  1  2  3  4  5  6  7  8  9 10 |
---------------+-------------------------------+-----
Short Blades   | 2 3 5 6 8 |  8.0
Fighting       | 3 4 5 6 8 9 |  9.9
Shields        | 4 6 8 |  8.8
Armour         | |  2.4

Action                   |  1- 3 |  4- 6 |  7- 9 | 10-12 || total
-------------------------+-------+-------+-------+-------++-------
Melee: Rapier            |    84 |       |     2 |   127 ||   213
       Bite              |    30 |    46 |   213 |    49 ||   338
       Dagger            |    19 |   156 |   524 |       ||   699
Throw: Stone             |     9 |    12 |    40 |    13 ||    74
Invok: Sacrifice Arcana  |       |       |     1 |       ||     1
       Reject Sacrifices |       |       |       |     1 ||     1
Evoke: Wand              |       |       |     2 |       ||     2
  Use: Potion            |       |     1 |     2 |       ||     3
       Scroll            |       |       |       |     8 ||     8
Armor: Scale mail        |    42 |    61 |   113 |    21 ||   237
       Plate armour      |       |       |    94 |       ||    94
       Ring mail         |       |       |    13 |    19 ||    32
Dodge: Dodged            |    26 |    43 |   111 |    35 ||   215
Block: Kite shield       |    60 |    61 |   219 |   108 ||   448

Table legend: (Time is in decaauts)
 A = Elapsed time spent in this place.
 B = Non-inter-level travel time spent in this place.
 C = Inter-level travel time spent in this place.
 D = Time resting spent in this place.
 E = Time spent auto-exploring this place.
 F = Levels seen in this place.
 G = Mean time per level.
                   A        B        C        D        E       F      G
               +--------+--------+--------+--------+--------+-----+--------+
         Total |   7381 |   7249 |    132 |     61 |   4879 |  10 |  738.1 |
       Dungeon |   6647 |   6515 |    132 |     24 |   4625 |   8 |  830.9 |
        Temple |    267 |    267 |      0 |      0 |    218 |   1 |  267.0 |
        Bailey |    465 |    465 |      0 |     37 |     36 |   1 |  465.0 |
               +--------+--------+--------+--------+--------+-----+--------+

Top non-repeatable levels by time:
     D:1: 1435 daAuts
     D:4: 902 daAuts
     D:2: 868 daAuts
     D:5: 754 daAuts
     D:3: 748 daAuts
     D:7: 742 daAuts
     D:6: 622 daAuts
     D:8: 572 daAuts
  Bailey: 465 daAuts
  Temple: 267 daAuts
